 Dungeon Crawl Stone Soup version 0.22-a0-448-g1fb7470 (webtiles) character file.

1103 iamserjio the Covert (level 8, -1/58 HPs)
             Began as a Spriggan Assassin on June 4, 2018.
             Slain by a worker ant (5 damage)
             ... on level 5 of the Dungeon.
             The game lasted 00:14:43 (6684 turns).

iamserjio the Covert (Spriggan Assassin)            Turns: 6684, Time: 00:14:44

Health: -1/58      AC: 24    Str:  9      XL:     8   Next: 11%
Magic:  9/9        EV:  4    Int: 13      God:
Gold:   297        SH:  0    Dex: 16 (17) Spells: 7/7 levels left

rFire    . . .     SeeInvis +   a - +2 dagger
rCold    . . .     Gourm    .   (shield restricted)
rNeg     + + +     Faith    .   (armour currently unavailable)
rPois    +         Spirit   .   (helmet currently unavailable)
rElec    .         Reflect  .   (cloak currently unavailable)
rCorr    .         Harm     .   (gloves unavailable)
MR       +....     NoTele   +   (boots unavailable)
Stlth    ++++......             (no amulet)
HPRegen  0.19/turn              (no ring)
MPRegen  0.11/turn              (no ring)

@: lethally poisoned (-1 -> -2), tree-form
A: very small, unfitting armour, see invisible, herbivore, slow metabolism 2
a: no special abilities


You were on level 5 of the Dungeon.
You were near starving.
You were a tree.
You visited 1 branch of the dungeon, and saw 5 of its levels.

You collected 297 gold pieces.

Inventory:

Hand Weapons
 a - a +2 dagger (weapon)
 b - a +0 blowgun
 n - a +4 short sword of venom
 D - a +0 hunting sling
Missiles
 e - 7 poisoned needles
 o - 198 stones (quivered)
 y - 2 curare-tipped needles
 B - 2 tomahawks
 E - 44 sling bullets
Armour
 c - a +0 robe (melded)
 d - a +0 cloak (melded)
 v - a +0 leather armour
Jewellery
 m - an uncursed ring of protection from cold {unknown}
 t - a +5 ring of protection {unknown}
 z - an uncursed ring of poison resistance {unknown}
 G - a +3 amulet of reflection {unknown}
Wands
 u - a wand of iceblast (12)
Scrolls
 h - 2 scrolls of magic mapping
 j - a scroll of immolation {unknown}
 k - 2 scrolls of remove curse
 l - a scroll of noise {unknown}
 p - 2 scrolls of teleportation
 q - a scroll of enchant armour {unknown}
 r - a scroll of random uselessness {unknown}
 x - a scroll of enchant weapon {unknown}
 A - 3 scrolls of identify
 C - a scroll of amnesia {unknown}
 F - a scroll of blinking {unknown}
Potions
 i - 2 potions of haste
 s - a potion of flight
 w - 3 potions of cancellation
Comestibles
 g - 9 rations


   Skills:
 + Level 2.1 Fighting
 * Level 7.1 Short Blades
 + Level 4.3 Throwing
 + Level 6.3 Dodging
 + Level 8.3 Stealth


You had 7 spell levels left.
You didn't know any spells.
Your spell library was empty.

Dungeon Overview and Level Annotations

Branches:
Dungeon (5/15)
 Temple: D:4-7

Altars:
Hepliaklqana
Kikubaaqudgha
Nemelex Xobeh
Ru
Trog
Vehumet
The Shining One

Annotations:
D:5 Prince Ribbit


Innate Abilities, Weirdness & Mutations

You are very small and have problems with some larger weapons.
You are too small for most types of armour.
You have supernaturally acute eyesight. (SInv)
You are a herbivore.
((You cover ground extremely quickly.))
You need to consume almost no food.


Message History

Your +0 cloak melds into your body.
Your +0 robe melds into your body.
Your roots penetrate the ground.
You feel strangely stable.
Prince Ribbit blinks!
The worker ant bites you but does no damage.
You hit the worker ant but do no damage.
The worker ant is moderately wounded.
You hit the worker ant.
The worker ant is heavily wounded.
The worker ant closely misses you.
You hit the worker ant.
The worker ant is heavily wounded.
You feel sick.
The worker ant bites you but does no damage.
You closely miss the worker ant.
The worker ant is heavily wounded.
The worker ant bites you but does no damage.
You closely miss the worker ant.
The worker ant is heavily wounded.
The worker ant bites you.
You die...

... #.# #.# #.# #.# ..# ..
#F# ##..# #.# #.#
########## .#..####.###
#♣# #.....>...
.#..##.....# #a#
#.######## .#..##.#.#.#
#.# #.#
.........#.#####.#######.#
.#..##.#........^........#
....##>....#####.#########
.#.......#######.#
........(..(.....#
.#################


You could see Prince Ribbit and a worker ant.

Vanquished Creatures
  Sigmund (D:4)
  Eustachio (D:5)
  Edmund (D:4)
  Blork the orc (D:4)
  2 scorpions (D:4)
  A crimson imp (D:5)
  2 bullfrog skeletons (D:4)
  A quasit (D:5)
  2 orc wizards (D:4)
  A hound (D:4)
  A jelly (D:5)
  2 iguanas (D:4)
  Ijyb (D:3)
  3 worker ants
  A hound skeleton (D:4)
  4 adders
  An ooze (D:1)
  An adder skeleton (D:5)
  A dart slug (D:2)
  5 leopard geckos
  9 orcs
  3 bats
  2 giant cockroaches (D:3)
  5 goblins
  10 hobgoblins
  6 jackals
  10 kobolds
  2 quokkas
  A ball python (D:4)
  4 frilled lizards
  A leopard gecko zombie (D:3)
  A quokka skeleton (D:4)
  6 rats
93 creatures vanquished.

Notes
Turn   | Place    | Note
-------+----------+-------------------------------------------
     0 | D:1      | iamserjio the Spriggan Assassin began the quest for the Orb.
     0 | D:1      | Reached XP level 1. HP: 10/10 MP: 2/2
   220 | D:1      | Reached skill level 6 in Stealth
   272 | D:1      | Reached XP level 2. HP: 15/15 MP: 3/3
   745 | D:1      | Reached XP level 3. HP: 11/18 MP: 4/4
  1268 | D:2      | Found a bloodstained altar of Trog.
  1547 | D:2      | Found a sparkling altar of Nemelex Xobeh.
  1548 | D:2      | Found a sacrificial altar of Ru.
  1551 | D:2      | Found a radiant altar of Vehumet.
  1554 | D:2      | Found an ancient bone altar of Kikubaaqudgha.
  1894 | D:3      | Found a hazy altar of Hepliaklqana.
  1961 | D:3      | Reached XP level 4. HP: 20/23 MP: 5/5
  2423 | D:3      | Noticed Ijyb
  2439 | D:3      | Killed Ijyb
  2860 | D:4      | Noticed Edmund
  2886 | D:4      | Noticed Blork the orc
  2928 | D:4      | Reached XP level 5. HP: 26/26 MP: 6/6
  2954 | D:4      | Reached skill level 7 in Stealth
  3058 | D:4      | Reached XP level 6. HP: 29/30 MP: 7/7
  3393 | D:4      | Killed Blork the orc
  3393 | D:4      | Reached skill level 5 in Short Blades
  3483 | D:4      | Killed Edmund
  3872 | D:4      | Reached XP level 7. HP: 30/35 MP: 8/8
  4031 | D:4      | Found a glowing golden altar of the Shining One.
  4124 | D:4      | Reached skill level 5 in Dodging
  4234 | D:4      | Noticed Sigmund
  4290 | D:4      | Killed Sigmund
  4290 | D:4      | Reached skill level 8 in Stealth
  5887 | D:5      | Entered Level 5 of the Dungeon
  5887 | D:5      | Noticed Eustachio
  5891 | D:5      | Killed Eustachio
  6152 | D:5      | Reached XP level 8. HP: 24/39 MP: 9/9
  6674 | D:5      | Noticed Prince Ribbit
  6684 | D:5      | Slain by a worker ant

Vault maps used:
D:1:      giann_bridges, serial_forest, infiniplex_forest_lined_room_3,
          infiniplex_forest_clump_tiny, infiniplex_forest_fountain,
          infiniplex_forest_side_room, infiniplex_forest_lined_room_2,
          infiniplex_forest_lined_corner, infiniplex_forest_clump_double,
          serial_bayou_pond_c
D:2:      minitemple, trog_hazing_becter
D:3:      lemuel_doored_altar, uniq_ijyb
D:4:      minmay_opposing_rooms, lemuel_coloured_pillars_altar, first_ration,
          uniq_sigmund, uniq_blork_the_orc, uniq_edmund
D:5:      serial_shops, shop_statue, uniq_prince_ribbit1, uniq_eustachio

Skill      XL: |  1  2  3  4  5  6  7 |
---------------+----------------------+-----
Stealth        | 6 7 8 |  8.3
Dodging        | 2 3 4 6 |  6.3
Short Blades   | 3 4 5 7 |  7.1
Fighting       | 2 |  2.1
Throwing       | 3 4 |  4.3

Action                   |  1- 3 |  4- 6 |  7- 9 || total
-------------------------+-------+-------+-------++-------
Melee: Dagger            |   151 |   174 |   194 ||   519
 Fire: Blowgun           |       |    10 |    10 ||    20
Throw: Stone             |       |     4 |    34 ||    38
       Throwing net      |       |     1 |     1 ||     2
Evoke: Wand              |       |     4 |     1 ||     5
  Use: Scroll            |       |     4 |     2 ||     6
       Potion            |       |       |     1 ||     1
 Stab: Sleeping          |    11 |     9 |     4 ||    24
       Held in net/web   |       |     1 |     1 ||     2
       Distracted        |       |     1 |       ||     1
  Eat: Ration            |       |       |     1 ||     1
Armor: Robe              |    16 |    10 |    23 ||    49
       Skin              |       |       |     3 ||     3
Dodge: Dodged            |   105 |   118 |   194 ||   417

Table legend:
 A = Spawn XP
 B = Non-spawn XP
 C = Spawn XP percentage of total XP
 D = Spawn monster count
 E = Non-spawn monster count
 F = Spawn count percentage of total count
 G = Total turns spent on level
                    A         B        C        D         E        F      G
               +---------+---------+-------+---------+---------+-------+---------
         Total |       0 |    1577 |   0.0 |       0 |      93 |   0.0 |  6684
               +---------+---------+-------+---------+---------+-------+---------
           D:1 |       0 |      41 |   0.0 |       0 |      19 |   0.0 |   942
           D:2 |       0 |      21 |   0.0 |       0 |      11 |   0.0 |   995
           D:3 |       0 |     117 |   0.0 |       0 |      26 |   0.0 |  1640
           D:4 |       0 |    1034 |   0.0 |       0 |      29 |   0.0 |  2549
           D:5 |       0 |     364 |   0.0 |       0 |       8 |   0.0 |   558
               +---------+---------+-------+---------+---------+-------+---------
